Map: 环轨星港

Players

shengy

  • Race: Zerg Zerg
  • League: Platinum

Doopian - Winner!

  • Race: Protoss Protoss
  • League: Silver

VOD

Have the link to the VOD?

Description

Time

  • Played on: Dec. 31, 2015, 11:06 p.m.
  • Length: 7:51
Show
View Real Time Build Order
Export as new Build Order

shengy Zerg 

Build Orders: Hatch First 

Get SALT Encoding   

  12  0:01  Drone  
  13  0:11  Drone  
  14  0:17  Overlord  
  14  0:29  Drone, Extractor  
  15  0:35  Drone  
  15  0:36  Drone  
  17  0:44  Drone  
  18  0:56  Hatchery  
  17  1:11  Spawning Pool  
  16  1:13  Drone  
  17  1:19  Drone  
  17  1:21  Drone  
  19  1:42  Hatchery  
  18  1:50  Overlord  
  18  1:52  Drone  
  19  1:54  Drone  
  20  2:02  Zergling x2  
  21  2:09  Queen  
  23  2:18  Drone x2  
  25  2:24  Queen  
  25  2:27  Drone  
  28  2:33  Drone x2  
  30  2:42  Drone x2  
  32  2:45  Drone  
  33  2:52  Overlord  
  33  3:03  Drone x3  
  36  3:06  Queen  
  36  3:10  Drone x2  
  40  3:13  Drone  
  41  3:21  Extractor  
  41  3:23  Extractor  
  41  3:24  Extractor, Drone x5  
  43  3:29  Drone  
  43  3:33  Roach Warren  
  43  3:34  Drone  
  44  3:37  Drone  
  44  3:38  Drone x3  
  44  3:39  Overlord  
  48  3:50  Drone  
  48  3:51  Drone  
  48  3:54  Overlord  
  50  3:57  Overlord  
  50  4:02  Queen  
  52  4:13  Overlord x3  
  52  4:17  Lair  
  52  4:22  Drone x3  
  52  4:23  Drone  
  56  4:27  Drone x3  
  59  4:32  Extractor  
  59  4:34  Evolution Chamber  
  56  4:56  Spore Crawler  
  50  5:05  Zerg Missile Weapons Level 1  
  50  5:06  Roach  
  54  5:07  Roach x13  
  78  5:14  Glial Reconstitution  
  78  5:21  Overseer  
  78  5:22  Zergling x8  
  81  5:30  Drone x4  
  81  5:31  Overlord  
  85  5:45  Ravager x4  
  85  5:49  Overlord x4  
  89  5:51  Ravager  
  89  5:53  Drone  
  89  5:54  Extractor, Drone x3  
  93  6:01  Drone  
  93  6:02  Drone x4  
  98  6:10  Metabolic Boost  
  98  6:29  Drone  
  98  6:30  Drone x3  
  98  6:31  Roach x4  
  98  6:32  Roach x6  
  118  6:43  Drone  
  119  6:49  Roach x3  
  119  6:50  Overlord  
  125  7:04  Roach x2  
  125  7:05  Overlord  
  125  7:06  Overlord x2  
  129  7:09  Hatchery  
  129  7:10  Ravager x4  
Show
View Real Time Build Order
Export as new Build Order

Doopian Protoss - Winner!

Build Orders: Oracle Opening 

Get SALT Encoding   

  12  0:01  Probe (Chrono Boost)  
  13  0:14  Pylon  
  13  0:18  Probe (Chrono Boost)  
  14  0:29  Probe (Chrono Boost)  
  15  0:39  Probe (Chrono Boost)  
  17  0:50  Probe (Chrono Boost)  
  17  1:06  Nexus  
  17  1:12  Probe (Chrono Boost)  
  18  1:21  Gateway  
  18  1:26  Assimilator  
  18  1:36  Probe (Chrono Boost)  
  18  1:38  Pylon, Assimilator  
  19  1:54  Probe (Chrono Boost)  
  20  2:09  Cybernetics Core  
  20  2:10  Zealot  
  20  2:12  Probe (Chrono Boost)  
  23  2:18  Probe (Chrono Boost)  
  23  2:22  Probe (Chrono Boost)  
  25  2:29  Probe (Chrono Boost)  
  26  2:35  Probe (Chrono Boost)  
  27  2:45  Stargate  
  27  2:49  Probe x2 (Chrono Boost)  
  27  2:50  Adept  
  31  2:52  Warp Gate  
  31  3:00  Probe x2 (Chrono Boost)  
  31  3:04  Assimilator  
  33  3:10  Probe x2 (Chrono Boost)  
  35  3:16  Assimilator  
  35  3:21  Mothership Core (Chrono Boost)  
  37  3:29  Stalker  
  37  3:30  Probe (Chrono Boost)  
  37  3:34  Pylon  
  40  3:39  Probe (Chrono Boost)  
  41  3:44  Oracle  
  44  3:52  Pylon  
  44  3:54  Robotics Facility  
  44  3:57  Probe (Chrono Boost)  
  44  3:59  Probe (Chrono Boost)  
  46  4:04  Stalker  
  46  4:08  Probe (Chrono Boost)  
  49  4:14  Probe (Chrono Boost)  
  50  4:23  Void Ray  
  54  4:29  Probe (Chrono Boost)  
  55  4:31  Pylon  
  55  4:41  Observer  
  55  4:44  Probe x2 (Chrono Boost)  
  58  4:45  Robotics Bay  
  58  5:00  Probe (Chrono Boost)  
  58  5:01  Probe (Chrono Boost)  
  58  5:04  Immortal (Chrono Boost)  
  64  5:11  Pylon  
  64  5:18  Gateway  
  64  5:19  Gateway  
  64  5:30  Probe (Chrono Boost)  
  64  5:31  Probe (Chrono Boost)  
  66  5:37  Robotics Facility  
  66  5:42  Disruptor (Chrono Boost)  
  69  5:49  Stalker  
  71  5:58  Nexus  
  71  6:01  Pylon  
  71  6:02  Pylon  
  71  6:08  Twilight Council  
  71  6:10  Void Ray, Probe  
  75  6:12  Probe  
  77  6:19  Disruptor (Chrono Boost)  
  80  6:36  Probe  
  80  6:37  Probe  
  82  6:47  Stalker, Probe, Disruptor (Chrono Boost)  
  85  6:48  Stalker x2  
  92  6:56  Probe  
  92  6:57  Probe  
  94  7:09  Pylon  
  94  7:10  Pylon, Disruptor (Chrono Boost)  
  94  7:12  Assimilator  
  94  7:14  Sentry x2  
  101  7:17  Assimilator  
Tags
 
Add a new tag
Caveats
  • Supply blocks, unpowered buildings, or Contaminate may cause inaccurate times.
  • Supply counts are checked every 10 seconds.